 Dungeon Crawl Stone Soup version 0.21.1-1-g345015fe64 (webtiles) character file.

1407 Peloso the Carver (level 8, -1/70 HPs)
             Began as a Minotaur Fighter on June 17, 2018.
             Was a Follower of Okawaru.
             Slain by a black bear (5 damage)
             ... while paralysed by Grinder
             ... on level 6 of the Dungeon.
             The game lasted 00:09:47 (5421 turns).

Peloso the Carver (Minotaur Fighter)                Turns: 5421, Time: 00:09:47

Health: -1/70      AC: 13    Str: 22    XL:     8   Next: 42%
Magic:  7/7        EV:  2    Int:  5    God:    Okawaru [*.....]
Gold:   263        SH:  0    Dex: 13    Spells: 7/7 levels left

rFire    + . .     SeeInvis .   a - +0 long sword
rCold    . . .     Gourm    .   c - +2 shield
rNeg     . . .     Faith    .   b - +0 chain mail
rPois    .         Spirit   .   (helmet restricted)
rElec    .         Reflect  .   (no cloak)
rCorr    .         Harm     .   o - +0 pair of gloves
MR       .....                  q - +0 pair of boots
Stlth    ..........             (no amulet)
HPRegen  0.21/turn              n - +2 ring of dexterity
MPRegen  0.10/turn              p - ring of protection from fire

@: paralysed
A: retaliatory headbutt, horns 2
a: Heroism, Renounce Religion


You were on level 6 of the Dungeon.
You worshipped Okawaru.
Okawaru was aware of your devotion.
You were not hungry.

You visited 2 branches of the dungeon, and saw 7 of its levels.

You collected 263 gold pieces.

Inventory:

Hand Weapons
 a - a +0 long sword (weapon)
Missiles
 t - 43 bolts
Armour
 b - a +0 chain mail (worn)
 c - a +2 shield (worn)
 o - a +0 pair of gloves (worn)
 q - a +0 pair of boots (worn)
Jewellery
 n - a +2 ring of dexterity (left hand)
 p - a ring of protection from fire (right hand)
 v - a cursed ring of teleportation {unknown}
 w - an uncursed ring of protection from fire
Scrolls
 e - 7 scrolls of identify {unknown}
 h - 3 scrolls of remove curse {unknown}
 j - 2 scrolls of magic mapping {unknown}
 l - 2 scrolls of teleportation {unknown}
 m - 3 scrolls of enchant weapon {unknown}
 r - a scroll of amnesia {unknown}
Potions
 d - a potion of might
 g - a potion of lignification {unknown}
 i - 2 potions of agility {unknown}
 k - a potion of flight {unknown}
 s - a potion of haste {unknown}
 u - 2 potions of magic {unknown}
 x - a potion of invisibility {unknown}
Comestibles
 f - 7 rations


   Skills:
 + Level 5.7 Fighting
 + Level 8.4 Long Blades
 + Level 6.6 Armour
 + Level 1.9 Dodging
 + Level 1.0 Stealth
 + Level 6.5 Shields


You had 7 spell levels left.
You didn't know any spells.

Dungeon Overview and Level Annotations

Branches:
Dungeon (6/15)             Temple (1/1) D:4

Altars:
Dithmenos
Elyvilon
Okawaru
Qazlal
Sif Muna
Wu Jian
Yredelemnul
The Shining One

Shops:
D:5 (

Annotations:
D:6 Grinder


Innate Abilities, Weirdness & Mutations

You reflexively headbutt those who attack you in melee.
You have a pair of horns on your head.


Message History

You hit Grinder but do no damage.
Grinder is almost dead.
The black bear bites you.
* * * LOW HITPOINT WARNING * * *
The black bear barely misses you. The black bear completely misses you.
Grinder gestures at you.
You suddenly lose the ability to move!
The black bear bites you but does no damage.
The black bear claws you.
* * * LOW HITPOINT WARNING * * *
The black bear claws you but does no damage.
Grinder hits you.
* * * LOW HITPOINT WARNING * * *
You writhe in agony.
* * * LOW HITPOINT WARNING * * *
The black bear bites you but does no damage.
The black bear claws you but does no damage. x2
Grinder hits you but does no damage. The black bear bites you.
You die...

.......#.# ##.###.#.#
#.......# . #####.###
.... ##.## ..# #...#
.!.# #...# <...#. #...#
#####.#....
#####...######..@5......
#...........##.#.h......
........................
#...........##.###......
#####...######.# ...##.
#...# #.. ...# #...#
###. ### #...# .# ##.##
#


You could see Grinder and a black bear.

Vanquished Creatures
  Menkaure (D:5)
  A sky beast (D:5)
  An ice beast (D:6)
  A necrophage (D:2)
  2 ogres
  Blork the orc (D:4)
  A bullfrog (D:6)
  2 scorpions (D:5)
  A howler monkey (D:5)
  3 crimson imps (D:5)
  A hound (D:4)
  2 orc priests (D:3)
  A jelly (D:5)
  Jessica (D:2)
  2 orc wizards (D:3)
  3 worker ants
  4 gnolls (D:3)
  4 adders
  2 oozes (D:3)
  2 worms
  2 dart slugs
  3 leopard geckos (D:2)
  14 orcs
  6 bats
  8 goblins
  10 hobgoblins
  11 jackals
  A quokka (D:2)
  A ball python (D:2)
  7 frilled lizards
  A jackal skeleton (D:6)
  11 kobolds
  A quokka skeleton (D:4)
  7 rats
119 creatures vanquished.

Notes
Turn   | Place    | Note
-------+----------+-------------------------------------------
     0 | D:1      | Peloso the Minotaur Fighter began the quest for the Orb.
     0 | D:1      | Reached XP level 1. HP: 19/19 MP: 0/0
   102 | D:1      | Reached XP level 2. HP: 19/27 MP: 1/1
   852 | D:2      | Reached XP level 3. HP: 26/33 MP: 2/2
  1046 | D:2      | Reached skill level 3 in Long Blades
  1439 | D:2      | Noticed Jessica
  1444 | D:2      | Killed Jessica
  1444 | D:2      | Reached XP level 4. HP: 41/41 MP: 3/3
  1447 | D:2      | Found a shadowy altar of Dithmenos.
  1745 | D:2      | Noticed a necrophage
  1753 | D:2      | Killed a necrophage
  1753 | D:2      | Reached skill level 4 in Long Blades
  1753 | D:2      | Reached skill level 1 in Dodging
  1753 | D:2      | Reached XP level 5. HP: 47/47 MP: 4/4
  1965 | D:3      | Reached skill level 5 in Shields
  2036 | D:3      | Reached skill level 5 in Long Blades
  2036 | D:3      | Reached XP level 6. HP: 18/53 MP: 5/5
  2493 | D:3      | Found a faded altar of an unknown god.
  3204 | D:4      | Reached skill level 5 in Armour
  3208 | D:4      | Reached skill level 6 in Long Blades
  3369 | D:4      | Found a staircase to the Ecumenical Temple.
  3376 | Temple   | Entered the Ecumenical Temple
  3383 | Temple   | Became a worshipper of Warmaster Okawaru
  3393 | D:4      | Noticed Blork the orc
  3402 | D:4      | Killed Blork the orc
  3402 | D:4      | Reached XP level 7. HP: 48/60 MP: 6/6
  4179 | D:5      | Entered Level 5 of the Dungeon
  4210 | D:5      | Noticed Menkaure
  4363 | D:5      | Killed Menkaure
  4363 | D:5      | Reached skill level 5 in Fighting
  4363 | D:5      | Reached skill level 7 in Long Blades
  4497 | D:5      | Found Lupeq's Weapon Emporium.
  4751 | D:5      | Reached * piety under Okawaru
  4969 | D:5      | Reached XP level 8. HP: 69/69 MP: 7/7
  5026 | D:5      | Reached skill level 1 in Stealth
  5111 | D:5      | Reached skill level 8 in Long Blades
  5402 | D:6      | Noticed Grinder
  5418 | D:6      | Paralysed by Grinder for 7 turns
  5421 | D:6      | Slain by a black bear

Skill      XL: |  1  2  3  4  5  6  7  8 |
---------------+-------------------------+-----
Armour         | 4 5 6 |  6.6
Fighting       | 4 5 |  5.7
Shields        | 4 5 6 |  6.5
Long Blades    | 3 4 5 6 7 8 |  8.4
Dodging        | 1 |  1.9
Stealth        | 1 |  1.0

Action                   |  1- 3 |  4- 6 |  7- 9 || total
-------------------------+-------+-------+-------++-------
Melee: Long sword        |    83 |   162 |   124 ||   369
       Headbutt          |     8 |    33 |    34 ||    75
  Eat: Chunk             |     1 |     7 |     3 ||    11
       Ration            |       |       |     1 ||     1
Armor: Scale mail        |    40 |       |       ||    40
       Chain mail        |     5 |   101 |    47 ||   153
Dodge: Dodged            |    24 |    31 |    20 ||    75
Block: Shield            |    50 |    62 |    71 ||   183
       Rpst.: Long sword |     2 |     5 |     4 ||    11
